Description

Map: Mech Depot LE Players Rogue

Race: Zerg 
Spawn Location: 1:00

soO - Winner!

Race: Zerg 
Spawn Location: 7:00

Event: 2017 WCS Global Finals

Replay - Rogue v soO: Game 3 - Mech Depot LE

Build Order

Get SALT Encoding   

  12  0:00  Drone  
  13  0:12  Overlord  
  13  0:17  Drone  
  14  0:30  Drone x3  
  17  0:51  Hatchery  
  17  0:53  Drone x2  
  18  1:06  Drone  
  19  1:23  Drone  
  20  1:26  Hatchery  
  19  1:35  Extractor  
  19  1:37  Spawning Pool  
  17  1:40  Drone  
  24  2:25  Queen x2  
  24  2:28  Overlord  
  28  2:36  Metabolic Boost  
  28  2:38  Queen  
  28  2:39  Zergling x4  
  32  2:47  Zergling x2  
  37  2:58  Baneling Nest  
  37  3:09  Overlord  
  37  3:18  Zergling x10  
  42  3:21  Overlord x2  
  42  3:30  Zergling x4  
  54  3:56  Baneling x6  
  56  4:04  Baneling  
  60  5:15  Roach Warren  
  63  5:38  Extractor  
  70  6:02  Evolution Chamber  
  70  6:03  Extractor  
  75  6:11  Lair  
  82  6:34  Zerg Missile Weapons Level 1  
  82  6:36  Roach x6  
  92  6:45  Roach  
  98  6:57  Roach x3  
  98  7:00  Extractor  
  105  7:05  Queen  
  108  7:14  Hydralisk Den  
  113  7:26  Spore Crawler x2  
  114  7:33  Glial Reconstitution  
  120  7:37  Extractor  
  120  7:43  Spore Crawler  
  116  7:49  Muscular Augments  
  147  8:29  Zerg Missile Weapons Level 2  
  147  8:35  Hydralisk x5  
  147  8:37  Overseer  
  157  8:44  Hydralisk x2  
  176  9:15  Overseer  
  176  9:27  Ravager  
  176  9:28  Hatchery  
  184  9:42  Ravager x5  
  193  9:53  Extractor  
Spawning Tool Build Advisor. Get it on Overwolf

Analysis

Map: Mech Depot LE Players Rogue

Race: Zerg 
Spawn Location: 1:00

soO - Winner!

Race: Zerg 
Spawn Location: 7:00

Event: 2017 WCS Global Finals

Go to:

Details

  • Created by: Elku
  • Published on: Nov 26, 2017
  • Modified on: Nov 26, 2017
  • Patch: 4.0.0
Show
View Real Time Build Order
Export as new Build Order

Comments (0)

There are no comments. Be the first!

Create an account to comment!